 Dungeon Crawl Stone Soup version 0.21.1-1-g345015fe64 (webtiles) character file.

56 GuyWithAPlan the Ducker (level 3, -1/30 HPs)
             Began as a Barachi Monk on Feb 7, 2018.
             Slain by hofbold's ghost (12 damage)
             ... on level 3 of the Dungeon.
             The game lasted 00:01:56 (1439 turns).

GuyWithAPlan the Ducker (Barachi Monk)              Turns: 1439, Time: 00:01:57

Health: -1/30      AC:  4    Str: 12    XL:     3   Next: 97%
Magic:  3/3        EV: 21    Int: 15    God:
Gold:   70         SH:  0    Dex: 20    Spells: 2/2 levels left

rFire    + . .     SeeInvis .   a - +0 falchion
rCold    . . .     Gourm    .   (no shield)
rNeg     . . .     Faith    .   b - +0 robe
rPois    .         Spirit   .   j - +1 hat
rElec    .         Reflect  .   (no cloak)
rCorr    .         Harm     .   p - +0 pair of gloves
MR       .....                  (no boots)
Stlth    +++.......             (no amulet)
HPRegen  0.10/turn              f - ring of protection from fire
MPRegen  0.08/turn              (no ring)

@: brilliant, agile, can't hop, very slightly contaminated, invisible, slow
A: +LOS, swims, slowness 1, strong legs 1
a: Hop


You were on level 3 of the Dungeon.
You were hungry.

You visited 1 branch of the dungeon, and saw 3 of its levels.

You collected 70 gold pieces.

Inventory:

Hand Weapons
 a - a +0 falchion (weapon)
Armour
 b - a +0 robe (worn)
 j - a +1 hat (worn)
 p - a +0 pair of gloves (worn)
Jewellery
 f - a ring of protection from fire (left hand)
Scrolls
 e - a scroll of enchant weapon {unknown}
 g - 3 scrolls of remove curse {unknown}
 h - a scroll of identify {unknown}
 l - a scroll of amnesia {unknown}
Potions
 k - a potion of heal wounds
Comestibles
 c - 4 rations


   Skills:
 - Level 3.7 Fighting
 - Level 3.7 Long Blades
 + Level 5.1 Dodging
 - Level 1.7 Stealth


You had 2 spell levels left.
You didn't know any spells.

Dungeon Overview and Level Annotations

Branches:
Dungeon (3/15)

Altars:
Elyvilon
Nemelex Xobeh
Ru
Trog

Annotations:
D:3 hofbold's ghost, amateur GrGl


Innate Abilities, Weirdness & Mutations

Shadows flee at your approach. (+LOS)
You can swim through water.
You cover ground slowly.
You can hop short distances.


Message History

You are very lightly contaminated with residual magic.
You hit hofbold's ghost.
Hofbold's ghost is lightly damaged.
Hofbold's ghost hits you!
Ouch! That really hurt!
* * * LOW HITPOINT WARNING * * *
It was a potion of heal wounds.
You feel much better. Hofbold's ghost hits you!
You hit hofbold's ghost but do no damage.
Hofbold's ghost barely misses you.
You hit hofbold's ghost but do no damage.
Hofbold's ghost whispers, "There is no future for you."
Hofbold's ghost misses you.
You riposte.
You hit hofbold's ghost but do no damage.
You hit hofbold's ghost.
Hofbold's ghost is lightly damaged.
Hofbold's ghost hits you!
You hit hofbold's ghost but do no damage.
Hofbold's ghost is lightly damaged.
Hofbold's ghost hits you!
You die...

.#.#.#............)#......#
.....#.............######.#
...............###.# #.#
...............# #.# #.#
...............# #.# #.#
..(............###.# #.#
...).......W.....#.######.#
.#..(.........##W#........#
#..).........##@##########
#............##.#
#............##.#
#$##.#.......##.# #.
#.#..(....##.# ..
...#.#######.# ..........
#.# >........(. #.#
........... #.#


You could see hofbold's ghost.

Vanquished Creatures
  An adder (D:2)
  A worm (D:2)
  A dart slug (D:1)
  2 leopard geckos
  2 giant cockroaches
  4 goblins
  8 hobgoblins
  2 quokkas (D:2)
  9 bats
  2 frilled lizards (D:2)
  2 kobolds
  3 rats
37 creatures vanquished.

Notes
Turn   | Place    | Note
-------+----------+-------------------------------------------
     0 | D:1      | GuyWithAPlan the Barachi Monk began the quest for the Orb.
     0 | D:1      | Reached XP level 1. HP: 18/18 MP: 1/1
   122 | D:1      | Reached XP level 2. HP: 25/25 MP: 2/2
   171 | D:1      | Reached skill level 4 in Dodging
   719 | D:2      | Reached XP level 3. HP: 24/30 MP: 3/3
   851 | D:2      | Found a sparkling altar of Nemelex Xobeh.
  1004 | D:2      | Found a white marble altar of Elyvilon.
  1340 | D:3      | Reached skill level 5 in Dodging
  1409 | D:3      | Found a bloodstained altar of Trog.
  1410 | D:3      | Found a sacrificial altar of Ru.
  1413 | D:3      | Noticed hofbold's ghost (amateur GrGl)
  1439 | D:3      | Slain by hofbold's ghost

Skill      XL: |  1  2  3 |
---------------+----------+-----
Dodging        | 4 5 |  5.1
Fighting       | |  3.7
Long Blades    | |  3.7
Stealth        | |  1.7

Action                   || total
-------------------------++-------
Melee: Falchion          ||   126
 Abil: Hop               ||     1
  Use: Potion            ||     5
       Scroll            ||     1
 Stab: Sleeping          ||     3
  Eat: Chunk             ||     2
Armor: Robe              ||    29
Dodge: Dodged            ||   111
       Rpst.: Falchion   ||    35
